← All builds
Geo / Armada / Economy first / OBSERVED BUILD

Mauser artillery

Armada Geo build order · Supreme Isthmus

A fast push into T2 vehicles bringing Mauser artillery to the middle from around 5:29, far earlier than the role's normal T2 vehicle timing, then transitioning into the usual Starlight/eco role.

#t2 #artillery · 53 distinct matches · 23 players · 3% of Armada Geo games · team won 59% of 54 · Recently observed

THE CATCH, AND WHAT COMES WITH IT
  • MauserT2 vehicle artillery from 5:29 · 3% of role by thenFrom the Advanced Vehicle Plant. Only 3% of Geo games have it by then; others who build it get it around 8:13
  • Advanced Vehicle PlantAdvanced Vehicle Plant in 85%6% of all Geo games by then
  • Vehicle PlantVehicle Plant in 85%15% of all Geo games by then
  • UmbraJammer in 48%2% of all Geo games by then

Where those units first fight, in 54 games with kill data: in the middle 81%, on their own side 19%.

Those units destroy a typical 4,013 metal of enemy units by 15:00.

Then transitions into Jaguar (22% of army), Starlight (22% of army).

HOW TO PLAY IT

Key timing: Advanced Vehicle Plant by 6:05

  1. Open mex, wind and Bot Lab, then add geo by 3:17.
  2. Build a Vehicle Plant by 4:18 to open the vehicle line.
  3. Rush an Advanced Vehicle Plant for early T2 vehicles.
  4. Push Mauser arty to front to shell the middle early.
  5. Add Starlight and T2 cons as the push transitions to standard Geo play.

Phase by phase

TYPICAL OF ITS 53 GAMES · AGAINST STANDARD GEO
  1. 1
  2. 2
  3. 3
  4. 4
PLAY THE OPENING

Follow the example game's first 6:30 step by step: what to build now, what comes next, and where it goes. At 1× it keeps pace with your own game.

  1. 1

    Up to the Bot Lab

    Economy
    • Metal Extractor3Mex
    • Wind Turbine3Wind
    Order
    1. Bot LabBot Lab after 3 mex, 3 winddone ~1:13, middle half 0:54–1:19

    By 0:56 in all: 3 mex · 3 wind

    The example game in this phase · 3 steps
    1. Mex ×3
    2. Wind ×3
    3. Bot LabBot Labdone 1:13 · typical 1:13
  2. 2

    Bot Lab to Vehicle Plant

    Economy
    • Metal Extractor1Mex
    • Wind Turbine2Wind
    • Energy Converter4Converter
    • Energy Storage1Energy storage
    Order
    1. Geothermal PowerplantGeo after 4 mex, 5 wind, 1 energy storage
    2. Bot LabEat Bot Lab
    3. Vehicle PlantVehicle Plant after 4 mex, 6 wind, 4 converterdone ~4:14, middle half 3:55–4:45
    Builders
    • Construction Turret2 Con turret
    • Lazarus4 Lazarus
    • Construction Bot1 Con bot
    • Construction Bot1 Con bot for allies
    • Lazarus1 Lazarus for allies

    By 4:03 in all: 4 mex · 6 wind · 1 geo · 4 converter · 1 energy storage · 2 con turret

    The example game in this phase · 12 steps
    1. LazarusLazarus ×2
    2. PawnPawn
    3. LazarusLazarusfor unknown
    4. Mex
    5. Construction BotCon botfor unknown
    6. Mex
    7. LazarusLazarus ×3
    8. Construction BotCon bot ×2
    9. Geothermal PowerplantGeodone 3:44 · typical 3:19
    10. Mex
    11. Con turret ×3
    12. Vehicle PlantVehicle Plantdone 4:27 · typical 4:14
  3. 3

    Vehicle Plant to T2 vehicle artillery

    Economy
    • Energy Converter3Converter−3 vs standard
    Order
    1. Advanced Vehicle PlantAdvanced Vehicle Plant after 4 mex, 6 wind, 6 converter
    2. Vehicle PlantEat Vehicle Plant
    3. MauserT2 vehicle artillery after 4 mex, 6 wind, 6 converter
    Builders
    • Construction Vehicle1 Con vehicle

    The standard build makes here, this one skips: 2 con turret

    By 5:29 in all: 4 mex · 6 wind (standard 8) · 1 geo · 6 converter (standard 10) · 1 energy storage · 3 con turret (standard 6)

    The example game in this phase · 5 steps
    1. Construction VehicleCon vehicle
    2. Advanced Vehicle PlantAdvanced Vehicle Plantdone 5:15 · typical 5:18
    3. Bot LabEat Bot Labreclaimed for its metal
    4. Vehicle PlantEat Vehicle Plantreclaimed for its metal
    5. MauserMauserdone 5:23
  4. 4

    T2 vehicle artillery to 10:00

    Economy
    • Wind Turbine4Wind−6 vs standard
    Builders
    • Construction Turret2 Con turret
    • Advanced Construction Vehicle1 T2 con vehicle for allies
    • Advanced Construction Vehicle1 T2 con vehicle
    Army
    • Mauser4 Mauser +4 vs standard
    • Prophet1 Radar vehicle

    Some games also: jammer (50%) · Advanced Geothermal Powerplant (46%) · converter (41%)

    The standard build makes here, this one skips: 6 converter · 2 Starlight

    By 10:00 in all: 4 mex · 12 wind (standard 21) · 1 geo · 1 Advanced Geothermal Powerplant · 9 converter (standard 16) · 1 energy storage

    The example game in this phase · 31 steps
    1. MauserMauser ×2
    2. Converter ×4
    3. MauserMauser
    4. UmbraJammer
    5. ProphetRadar vehicle
    6. Advanced Construction VehicleT2 con vehiclefor unknown
    7. Con turret
    8. Advanced Metal ExtractorT2 mexdone 8:20 · typical 7:21
    9. Con turret
    10. Advanced Construction VehicleT2 con vehiclefor Suicide front
    11. Con turret
    12. Advanced Metal ExtractorT2 mex
    13. Wind ×3
    14. Advanced Metal ExtractorT2 mex
    15. Wind ×3
    16. ShredderShredderdone 10:07
    17. Wind ×4
    18. Advanced Geothermal PowerplantAdvanced Geothermal Powerplantdone 12:14 · typical 10:07
    19. ShredderShredder
    20. Advanced Metal ExtractorT2 mex
    21. Wind ×4
    22. Radar TowerRadar Tower
    23. ConsulConsul ×3
    24. Wind ×2
    25. ConsulConsul
    26. Advanced Construction VehicleT2 con vehicle
    27. PlatypusPlatypus ×14
    28. ConsulConsul
    29. PlatypusPlatypus ×4
    30. ConsulConsul
    31. PlatypusPlatypus ×12

Counts are medians over the build's games: half of them build more, half fewer. The example game is ucsd09's (37 OS, 10/10/2026); pick another.

Team trades

IN AT LEAST 30% OF ITS GAMES

You hand over

  • Lazarus1 Lazarus to Beach seafirst at 2:06 · in 56% of games
  • Construction Bot1 Con bot to Beach sea or Pondfirst at 2:40 · in 70% of games
  • Advanced Construction Vehicle2 T2 con vehicle to Front or Suicide frontfirst at 8:48 · in 61% of games

You get

  • Advanced Construction Bot1 T2 con bot from Tech or Beach seafirst at 5:18 · in 31% of games

How it plays out

Typical game of this build against the role’s standard build, running totals by minute

  • This build
  • Standard geo

Metal produced

020k40k
0:005:0010:0015:00

metal

Enemy metal destroyed

05k10k15k
0:005:0010:0015:00

metal

Own metal lost

02k4k6k
0:005:0010:0015:00

metal

54 games.

Show as table
ByMetal produced: This buildMetal produced: Standard geoEnemy metal destroyed: This buildEnemy metal destroyed: Standard geoOwn metal lost: This buildOwn metal lost: Standard geo
1:003693330000
2:008828200000
3:00155615300000
4:00268626930000
5:00449337200000
6:00636256550000
7:0074798100230000
8:00908011504114004642
9:001142814538196554351130
10:0013743174342480537992260
11:001641020384354019561295670
12:0018649232535082392416161831
13:0020821260776049601919933205
14:0023336290017755845631054584
15:002593431772105801054643185975
WHAT THE NUMBERS SAY

Won more often than the standard build and destroyed far more enemy metal early while losing less metal overall by 15:00.

  • + Enemy metal destroyed by 10:00 was 2350 vs 552, over four times the standard build.
  • + Own metal lost by 15:00 was 4693 vs 6076, notably lower than standard.
  • − Metal produced by 15:00 was 25710 vs 31626, well behind the standard eco.
  • − Advanced Vehicle Plant needed by 4:25 in 82% of games, a tight early tech requirement.
THE EXAMPLE YOU ARE READING

ucsd09

37.2 OS · 10/10/2026

Open source match ↗

0 received units
1957 metal received · 16056 energy received

Allied construction assistance is unknown. Timings are observations, not a promise of solo reproducibility.

Typical milestones

Bot Lab1:13Middle 50%: 0:54–1:19 · n=54
Geothermal Powerplant3:19Middle 50%: 2:59–3:35 · n=54
Vehicle Plant4:14Middle 50%: 3:55–4:45 · n=54
Advanced Vehicle Plant5:18Middle 50%: 5:06–6:01 · n=54
Advanced Metal Extractor7:21Middle 50%: 6:38–8:20 · n=53
Advanced Geothermal Powerplant10:07Middle 50%: 9:08–11:03 · n=41
Starlight11:08Middle 50%: 10:14–12:02 · n=34

Played most by

OldSpanker7games of this buildkbssilks5games of this buildPRO_HYDRA5games of this build0neTw04games of this buildViltrum4games of this build